 Dungeon Crawl Stone Soup version 0.31-a0-640-g39d97e502b (webtiles) character file.

Game seed: 11445317910094779328

417 qw the Shooter (level 6, -4/39 HPs)
             Began as a Gargoyle Hunter on Aug 27, 2023.
             Was an Initiate of Okawaru.
             Slain by a wyvern (15 damage)
             ... on level 5 of the Dungeon.
             The game lasted 00:01:17 (3818 turns).

qw the Shooter (Gargoyle Hunter)                    Turns: 3818, Time: 00:01:18

Health: -4/39      AC:  9    Str: 14    XL:     6   Next: 92%
Magic:  6/6        EV: 11    Int: 10    God:    Okawaru [......]
Gold:   5          SH:  0    Dex: 15    Spells: 5/5 levels left

rFire   . . .        Y - +1 shortbow
rCold   . . .        (shield currently unavailable)
rNeg    + . .        d - +0 ring mail
rPois   inf          (no helmet)
rElec   +            (no cloak)
rCorr   .            (no gloves)
SInv    .            (no boots)
Will    .....        (no amulet)
Stlth   +            (no ring)
HPRegen 0.26/turn    (no ring)
MPRegen 0.10/turn

%: no passive effects
@: no status effects
A: sickness immunity, AC +4, negative energy resistance 1, electricity
resistance, torment resistance 1, petrification resistance
a: Renounce Religion


You were on level 5 of the Dungeon.
You worshipped Okawaru.
Okawaru was noncommittal.
You visited 2 branches of the dungeon, and saw 6 of its levels.

You collected 187 gold pieces.
You spent 182 gold pieces at shops.


Innate Abilities, Weirdness & Mutations

You are immune to sickness and miasma.
Your stone body is resilient. (AC +4)
You are immune to poison.
You resist negative energy. (rN+)
You are resistant to electric shocks. (rElec)
You are resistant to unholy torment.
You are immune to petrification.


   Skills:
 - Level 4.4 Fighting
 + Level 6.9 Ranged Weapons
 - Level 1.8 Armour
 - Level 1.5 Dodging
 - Level 1.1 Stealth


You had 5 spell levels left.
You didn't know any spells.
Your spell library was empty.

Inventory:

Hand Weapons
 Y - a +1 shortbow (weapon)
Armour
 d - a +0 ring mail (worn)
Scrolls
 a - 2 scrolls of teleportation
 g - 3 scrolls of identify
Potions
 b - a potion of enlightenment {unknown}
 c - 2 potions of might
 f - a potion of curing

Dungeon Overview and Level Annotations

Branches:
Dungeon (5/15)             Temple (1/1) D:4

Altars:
Ashenzari
Cheibriados
Dithmenos
Elyvilon
Fedhas
Gozag
Hepliaklqana
Kikubaaqudgha
Makhleb
Nemelex Xobeh
Okawaru
Qazlal
Ru
Trog
Uskayaw
Vehumet
Wu Jian
Xom
Yredelemnul
Zin
The Shining One

Shops:
D:4 ((***


Message History

The arrow completely misses the black bear.
Your surroundings suddenly seem different.
You start resting.
HP restored.
a - 2 scrolls of teleportation (gained 1)
b - a white potion You open the door.
There is an open door here.
A wyvern comes into view.
Found a scroll of poison.
The wyvern hisses angrily.
You shoot an arrow. The arrow hits the wyvern.
The wyvern is lightly wounded.
You shoot an arrow.
The arrow hits the wyvern but does no damage.
The wyvern is lightly wounded.
You shoot an arrow. The arrow hits the wyvern.
The wyvern is moderately wounded.
The wyvern bites you.
You shoot an arrow. The arrow hits the wyvern.
The wyvern is moderately wounded.
The wyvern bites you.
You shoot an arrow. The arrow barely misses the wyvern.
The wyvern bites you! The wyvern bites you.
You shoot an arrow. The arrow closely misses the wyvern.
The wyvern completely misses you. The wyvern bites you.
You shoot an arrow. The arrow hits the wyvern.
The wyvern is heavily wounded.
The wyvern bites you but does no damage.
The wyvern closely misses you.
You shoot an arrow.
The arrow hits the wyvern but does no damage.
The wyvern is heavily wounded.
The wyvern bites you. The wyvern completely misses you.
You shoot an arrow. The arrow hits the wyvern.
The wyvern is heavily wounded.
The wyvern closely misses you. The wyvern misses you.
You shoot an arrow. The arrow completely misses the wyvern.
The wyvern bites you!
You die...

........##.##
.########...#### .#
#......# '## #...##.#
..############.#
...##.....## #.# ####
....#.###..###.# ?....
......###...##.###......
................@l......
......##....########....
....#.##...## #
...##.....## ..######.##
+## #.# #.


You could see a wyvern.

Vanquished Creatures
  A phantom (D:4)
  A jelly (D:4)
  A hound (D:5)
  3 orc priests
  An iguana (D:4)
  An orc wizard (D:5)
  5 adders
  A worm (D:3)
  2 dart slugs
  6 orcs
  9 ball pythons
  7 bats
  7 endoplasms
  A giant cockroach (D:2)
  11 goblins
  11 hobgoblins
  3 jackals (D:2)
  3 quokkas
  3 frilled lizards
  4 kobolds
  3 rats (D:2)
84 creatures vanquished.

Notes
Turn   | Place    | Note
-------+----------+-------------------------------------------
     0 | D:1      | qw the Gargoyle Hunter began the quest for the Orb.
     0 | D:1      | Reached XP level 1. HP: 12/12 MP: 1/1
     0 | D:1      | 0 ||| qw: Version: 0.3-a-74-g0d5e918
     0 | D:1      | 0 ||| qw: Game counter: 175
     0 | D:1      | 0 ||| qw: Melee chars always use a shield: true
     0 | D:1      | 0 ||| qw: God list: Okawaru
     0 | D:1      | 0 ||| qw: Allow faded altars: false
     0 | D:1      | 0 ||| qw: Do Orc after clearing Dungeon:15 true
     0 | D:1      | 0 ||| qw: Do second Lair branch before Depths: true
     0 | D:1      | 0 ||| qw: Lair rune preference: random
     0 | D:1      | 0 ||| qw: Goals: Normal
     0 | D:1      | 0 ||| PLANNING D:1-11
   147 | D:1      | Reached XP level 2. HP: 17/17 MP: 2/2
   385 | D:1      | Reached XP level 3. HP: 21/21 MP: 3/3
   424 | D:1      | 424 ||| READING scroll labelled UFAC WOLOD.
   425 | D:1      | 425 ||| DRINKING 2 fizzy coppery potions.
   530 | D:1      | 530 ||| DROPPING scroll of butterflies.
   531 | D:1      | 531 ||| DROPPING potion of berserk rage.
   554 | D:2      | Reached skill level 5 in Ranged Weapons
   680 | D:2      | Found a burning altar of Makhleb.
   709 | D:2      | Found a faded altar of an unknown god.
   930 | D:2      | Reached skill level 3 in Fighting
   961 | D:2      | Reached XP level 4. HP: 28/28 MP: 4/4
  1346 | D:2      | 1346 ||| UPGRADING to +0 ring mail.
  1356 | D:2      | 1356 ||| DROPPING +0 leather armour.
  1357 | D:2      | 1357 ||| READING 3 scrolls labelled KEW DU HUVULO.
  1362 | D:2      | 1362 ||| READING scroll labelled DIXABOFFEI.
  1495 | D:3      | Reached skill level 1 in Armour
  1582 | D:3      | Reached XP level 5. HP: 32/32 MP: 5/5
  1879 | D:3      | Reached skill level 6 in Ranged Weapons
  2369 | D:3      | 2369 ||| READING 3 scrolls of identify.
  2369 | D:3      | 2369 ||| IDENTIFYING coppery potion
  2370 | D:3      | 2370 ||| READING 2 scrolls of identify.
  2370 | D:3      | 2370 ||| IDENTIFYING fizzy emerald potion
  2371 | D:3      | 2371 ||| DROPPING potion of magic.
  2453 | D:4      | Found Jeocwil's Assorted Antiques.
  2462 | D:4      | 2462 ||| SHOPLISTING quicksilver dragon scales (1560 gold,
                  | have 175).
  2462 | D:4      | 2462 ||| BUYING scroll labelled QUM FIRABLODDI (26 gold).
  2462 | D:4      | Bought a scroll labelled QUM FIRABLODDI for 26 gold pieces
  2462 | D:4      | 2462 ||| BUYING scroll of identify (52 gold).
  2462 | D:4      | Bought a scroll of identify for 52 gold pieces
  2571 | D:4      | Noticed a phantom
  2578 | D:4      | Killed a phantom
  2579 | D:4      | Reached XP level 6. HP: 39/39 MP: 6/6
  2738 | D:4      | Found Laqury's Weapon Boutique.
  2749 | D:4      | Found a staircase to the Ecumenical Temple.
  2750 | D:4      | 2750 ||| PLANNING TEMPLE
  2750 | D:4      | 2750 ||| READING scroll labelled QUM FIRABLODDI.
  2751 | D:4      | 2751 ||| READING scroll labelled ZOPPOSTITISCH.
  2752 | D:4      | 2752 ||| READING scroll labelled ELEDAO GEPNYU.
  2753 | D:4      | 2753 ||| READING 2 scrolls of identify.
  2753 | D:4      | 2753 ||| IDENTIFYING blue potion
  2754 | D:4      | 2754 ||| DROPPING potion of brilliance.
  2767 | Temple   | Entered the Ecumenical Temple
  2768 | Temple   | 2768 ||| PLANNING OKAWARU WORSHIP
  2810 | Temple   | Became a worshipper of Warmaster Okawaru
  2811 | Temple   | 2811 ||| PLANNING D:1-11
  2919 | D:4      | Found Yfusuaxu's Specific Store.
  2921 | D:4      | Found Xaxet's General Store.
  2931 | D:4      | 2931 ||| BUYING 2 potions of might (104 gold).
  2931 | D:4      | Bought 2 potions of might for 104 gold pieces
  2931 | D:4      | 2931 ||| SHOPLISTING potion of haste (130 gold, have 5).
  2931 | D:4      | 2931 ||| SHOPLISTING ring of protection from cold (325
                  | gold, have 5).
  3117 | D:4      | Found Laukaept's Weapon Boutique.
  3125 | D:4      | 3125 ||| SHOPLISTING +2 orcbow of draining (237 gold, have
                  | 5).
  3307 | D:4      | 3307 ||| READING scroll labelled ESMEVEU ZOPYLL.
  3308 | D:4      | 3308 ||| READING scroll labelled KUREPS CEYZATI.
  3340 | D:5      | Entered Level 5 of the Dungeon
  3348 | D:5      | 3348 ||| STAIRDANCE
  3362 | D:5      | 3362 ||| STAIRDANCE
  3433 | D:5      | HP: 9/39 [centaur/arrow (7)]
  3434 | D:5      | 3434 ||| READING 3 scrolls of teleportation.
  3435 | D:5      | HP: 1/39 [centaur/arrow (6)]
  3592 | D:5      | Noticed a black bear
  3609 | D:5      | HP: 8/39 [black bear (3)]
  3610 | D:5      | 3610 ||| READING 2 scrolls of teleportation.
  3612 | D:5      | HP: 2/39 [black bear (6)]
  3808 | D:5      | Noticed a wyvern
  3818 | D:5      | Slain by a wyvern

Levels and vault maps discovered:
D:1:      heliophobic_arrival_henge, layout_rooms
D:2:      layout_basic, dreamdust_ecumenical_altar_statues, basic_altar,
          hangedman_abyss_or_decor_stabs
D:3:      cheibrodos_greedy_goblins, layout_basic, hangedman_decor_push,
          item_on_display_a
D:4:      layout_basic, minmay_temple_entry_junction, serial_shops,
          nicolae_diamond_shop, shop_statue, nicolae_shop_tiny_waterfront,
          nicolae_specific_store
D:5:      minmay_razor_zed, layout_loops_corners, uniq_crazy_yiuf_cottage
Temple:   kilobyte_greek_temple

Skill      XL: |  1  2  3  4  5 |
---------------+----------------+-----
Ranged Weapons | 5 6 |  6.9
Fighting       | 3 4 |  4.4
Armour         | 1 |  1.8
Dodging        | |  1.5
Stealth        | |  1.1

Action                     |  1- 3 |  4- 6 || total
---------------------------+-------+-------++-------
   Fire: Shortbow          |   129 |   186 ||   315
    Use: Scroll            |     1 |    12 ||    13
         Potion            |     1 |       ||     1
 Armour: Leather armour    |    23 |     2 ||    25
         Ring mail         |       |    64 ||    64
  Dodge: Dodged            |    43 |    91 ||   134

Table legend:
 A = Non-vault XP
 B = Vault XP
 C = Vault XP percentage of total XP
 D = Non-vault monster count
 E = Vault monster count
 F = Vault count percentage of total count
                 A         B        C        D         E       F
            +---------+---------+-------+---------+---------+-------
      Total |     573 |      23 |   3.9 |      72 |      12 |  14.3
            +---------+---------+-------+---------+---------+-------
        D:1 |      35 |       0 |   0.0 |      19 |       0 |   0.0
        D:2 |      72 |       0 |   0.0 |      22 |       0 |   0.0
        D:3 |     135 |      23 |  14.6 |      14 |      12 |  46.2
        D:4 |     209 |       0 |   0.0 |      13 |       0 |   0.0
        D:5 |     122 |       0 |   0.0 |       4 |       0 |   0.0
            +---------+---------+-------+---------+---------+-------
